 Dungeon Crawl Stone Soup version 0.30-a0-1016-gfb0d676c02 (webtiles) character file.

Game seed: 11313549655452261231

6 dialectric the Trooper (level 1, -1/20 HPs)
             Began as a Minotaur Fighter on Apr 6, 2023.
             Slain by a kobold
             ... wielding a +2 whip of electrocution
              (10 damage)
             ... on level 1 of the Dungeon.
             The game lasted 00:00:11 (151 turns).

dialectric the Trooper (Minotaur Fighter)            Turns: 151, Time: 00:00:11

Health: -1/20      AC:  7    Str: 20    XL:     1   Next: 75%
Magic:  0/0        EV:  9    Int:  5    God:
Gold:   20         SH:  0    Dex:  9    Spells: 0/0 levels left

rFire   . . .      SeeInvis .    a - +0 long sword
rCold   . . .      Faith    .    (no shield)
rNeg    . . .      Spirit   .    b - +0 scale mail
rPois   .          Reflect  .    (helmet restricted)
rElec   .          Rampage  .    (no cloak)
rCorr   .                        (no gloves)
Will    .....                    (no boots) Stlth
                                 (no amulet)
HPRegen 0.23/turn                (no ring)
MPRegen 0.07/turn                (no ring)

@: no status effects
A: horns 2, retaliatory headbutt
a: no special abilities


You were on level 1 of the Dungeon.
You visited 1 branch of the dungeon, and saw 1 of its levels.

You collected 20 gold pieces.

Inventory:

Hand Weapons
 a - a +0 long sword (weapon)
Armour
 b - a +0 scale mail (worn)
 c - a +0 buckler
Jewellery
 g - an amulet of the acrobat
Scrolls
 h - a scroll of vulnerability {unknown}
Potions
 d - a potion of might
 e - a potion of lignification {unknown}
 f - a potion of curing {unknown}
 i - a potion of mutation {unknown}


   Skills:
 + Level 3.8 Fighting
 + Level 2.5 Long Blades
 + Level 3.8 Armour
 * Level 0.5 Dodging
 - Level 3.6 Shields


You couldn't memorise any spells.
You didn't know any spells.
Your spell library was empty.

Dungeon Overview and Level Annotations

Branches:
Dungeon (1/15)

Altars:


Innate Abilities, Weirdness & Mutations

You have a pair of horns on your head.
You reflexively headbutt those who attack you in melee.


Message History

The kobold hits you but does no damage.
You see here a rat skeleton.
You hit the kobold but do no damage.
The kobold hits you with a +2 whip of electrocution.
The kobold hits you but does no damage. The kobold closely misses you.
The kobold barely misses you. The kobold hits you with a +0 dagger.
You hit the kobold.
The kobold is moderately wounded.
The kobold closely misses you. x3
The kobold hits the plant with a +0 dagger.
The plant begins to die.
The kobold attacks as you move away! The kobold barely misses you.
The kobold attacks as you move away! The kobold closely misses you.
The kobold hits the plant with a +0 dagger.
The kobold hits the plant with a +2 whip of electrocution.
The plant begins to die.
The kobold hits the plant with a +0 dagger.
Unknown command.
You miss the kobold. Your headbutt misses the kobold.
The kobold hits you but does no damage.
The kobold hits the plant with a +2 whip of electrocution.
The kobold hits something with a +0 short sword.
The kobold hits the plant with a +0 dagger.
You closely miss the kobold. The kobold hits you but does no damage.
The kobold hits something with a +0 short sword.
The kobold hits the plant with a +2 whip of electrocution!
The kobold completely misses the plant.
You barely miss the kobold. Your headbutt misses the kobold.
A nearby plant withers and dies. x2; The kobold hits you with a +0 whip.
The kobold hits something with a +0 short sword.
The kobold barely misses you.
The kobold hits something with a +0 short sword.
The kobold hits you with a +2 whip of electrocution.
Unknown command.
You closely miss the kobold.
The kobold hits the bush but does no damage.
The kobold closely misses you. The kobold hits you but does no damage.
You are electrocuted!
Ouch! That really hurt!
You die... ### #######.## #......#.## ###@#######.######## ♣PKK#

##........
#.KK.PP♣
##.##.#.###
#PP÷....P###...#.#
#♣.......♣#......#
♣...§..~##...)#.#
♣.$.....♣#.#.##.#
♣P.....#####.# #
♣PP...PP ###.# .


You could see 4 kobolds.

Vanquished Creatures
  An endoplasm (D:1)
  2 goblins (D:1)
  A kobold (D:1)
  A rat (D:1)
5 creatures vanquished.

Vanquished Creatures (others)
  4 plants (D:1)
4 creatures vanquished.

Grand Total: 9 creatures vanquished

Notes
Turn   | Place    | Note
-------+----------+-------------------------------------------
     0 | D:1      | dialectric the Minotaur Fighter began the quest for the
                  | Orb.
     0 | D:1      | Reached XP level 1. HP: 19/19 MP: 0/0
   151 | D:1      | Slain by a kobold

Illustrated notes

Levels and vault maps discovered:
D:1:      minmay_arrival_diagonal_passages, layout_loops_ring,
          hellmonk_ecumenical_altar_prayer_group, lexackson_kobold_supper

Action                     || total
---------------------------++-------
  Melee: Long sword        ||    13
         Headbutt          ||     1
 Armour: Scale mail        ||     8
  Dodge: Dodged            ||    10

Table legend: (Time is in decaauts)
 A = Elapsed time spent in this place.
 B = Non-inter-level travel time spent in this place.
 C = Inter-level travel time spent in this place.
 D = Time resting spent in this place.
 E = Time spent auto-exploring this place.
 F = Levels seen in this place.
 G = Mean time per level.
                   A        B        C        D        E       F      G
               +--------+--------+--------+--------+--------+-----+--------+
         Total |    154 |    154 |      0 |      0 |    110 |   1 |  154.0 |
       Dungeon |    154 |    154 |      0 |      0 |    110 |   1 |  154.0 |
               +--------+--------+--------+--------+--------+-----+--------+

Top non-repeatable levels by time:
     D:1: 154 daAuts
